 Dungeon Crawl Stone Soup version 0.29.1-15-g9cfb28693d (webtiles) character file.

Game seed: 1899425731528630505

1557 H0rd4k the Insei (level 8, 0/55 HPs)
             Began as an Octopode Artificer on Mar 21, 2023.
             Was an Initiate of Gozag.
             Slain by an orc
             ... wielding a +0 flail
              (8 damage)
             ... on level 6 of the Dungeon.
             The game lasted 00:07:29 (7053 turns).

H0rd4k the Insei (Octopode Artificer)               Turns: 7053, Time: 00:07:29

Health: 0/55       AC:  1    Str: 11    XL:     8   Next: 88%
Magic:  14/14      EV: 13    Int: 15    God:    Gozag
Gold:   597        SH:  0    Dex: 13    Spells: 13/16 levels left

rFire   . . .      SeeInvis .     - Unarmed
rCold   . . .      Faith    .   (no shield)
rNeg    . . .      Spirit   .   (helmet restricted)
rPois   .          Reflect  .   (no amulet)
rElec   .          Harm     .   f - ring of flight
rCorr   .          Rampage  .   w - ring of willpower
Will    +....                   (no ring)
Stlth   +++.......              (no ring)
HPRegen 0.18/turn               (no ring)
MPRegen 0.14/turn               (no ring)
                                (no ring)
                                (no ring)

@: flying
A: almost no armour, amphibious, 8 rings, camouflage 1, gelatinous body 1,
(nimble swimmer 1), tentacles
a: Renounce Religion, Potion Petition, Call Merchant, Bribe Branch


You were on level 6 of the Dungeon.
You worshipped Gozag.
Gozag was pleased with you.
You visited 2 branches of the dungeon, and saw 7 of its levels.

You collected 657 gold pieces.
You paid 60 gold pieces to Gozag.

Inventory:

Missiles
 p - 6 poisoned darts
Jewellery
 f - a ring of flight (left tentacle)
 w - a ring of willpower (right tentacle)
 y - a ring of ice
Wands
 b - a wand of flame (24) (quivered)
 c - a wand of charming (6)
Scrolls
 e - a scroll of brand weapon {unknown}
 g - a scroll of vulnerability
 h - a scroll of summoning {unknown}
 i - 3 scrolls of identify
 m - a scroll of enchant weapon {unknown}
 r - a scroll of torment {unknown}
 t - 2 scrolls of teleportation
 v - 2 scrolls of amnesia
 x - a scroll of fear {unknown}
Potions
 a - 2 potions of degeneration {unknown}
 d - 2 potions of berserk rage {unknown}
 j - a potion of haste {unknown}
 k - a potion of attraction {unknown}
 l - a potion of cancellation {unknown}
 n - 4 potions of brilliance {unknown}
 o - 3 potions of curing
 q - 2 potions of might {unknown}
 s - a potion of mutation {unknown}
 u - 3 potions of lignification {unknown}


   Skills:
 + Level 5.2 Fighting
 + Level 2.4 Throwing
 - Level 2.3 Dodging
 - Level 1.3 Stealth
 - Level 6.8 Unarmed Combat
 * Level 4.6 Spellcasting
 + Level 1.9 Air Magic
 - Level 3.2 Evocations


You had 13 spell levels left.
You knew the following spells:

 Your Spells              Type           Power      Damage    Failure   Level
a - Swiftness             Air            9%         N/A       24%         3

Your spell library contained the following spells:

 Spells                   Type           Power      Damage    Failure   Level
 Ensorcelled Hibernation  Hex/Ice        6%         N/A       26%         2
 Passwall                 Tmut/Erth      2%         N/A       26%         2
 Call Canine Familiar     Summ           3%         N/A       45%         3
 Portal Projectile        Hex/Tloc       6%         N/A       45%         3
 Leda's Liquefaction      Hex/Erth       1%         N/A       86%         4


Dungeon Overview and Level Annotations

Branches:
Dungeon (6/15)             Temple (1/1) D:4

Altars:
Ashenzari
Dithmenos
Elyvilon
Fedhas
Gozag
Hepliaklqana
Makhleb
Okawaru
Qazlal
Ru
Trog
Uskayaw
Vehumet
Wu Jian
Xom
The Shining One

Shops:
D:1 :   D:5 (   D:6 [

Annotations:
D:1 exclusion: downstairs
D:3 exclusion: downstairs
D:4 exclusion: ogre
D:5 1 runed translucent door, exclusion: door, Crazy Yiuf


Innate Abilities, Weirdness & Mutations

You cannot wear most types of armour.
You are amphibious.
You can wear up to eight rings at the same time.
Your skin changes colour to match your surroundings (Stealth+).
Your rubbery body absorbs attacks. (AC +1, EV +1)
((You are camouflaged when in or above water. (Stealth+)))
You have tentacles for arms and can constrict up to eight enemies at once.


Message History

You closely miss the kobold. You grab the kobold. You squeeze the kobold.
You kill the kobold!
The phantom is no longer distracted by gold.
An orc comes into view. It is wielding a +0 flail.
The phantom hits you.
Items here: $ ( ))).
You barely miss the phantom. The phantom hits you.
The phantom blinks!
You blink.
An orc wizard and 5 orcs come into view.
An orc is wielding a +0 war axe of electrocution.
The orc shouts!
You tentacle-slap the phantom but do no damage.
The phantom misses you.
You tentacle-slap the phantom.
The phantom is lightly damaged.
The orc hits you with a +0 dagger.
The phantom hits you but does no damage.
You are too injured to fight recklessly!
You are too injured to fight recklessly!
The phantom attacks as you move away! The phantom hits you.
An orc comes into view. It is wielding a +0 dagger.
The orc wizard casts a spell at you. The puff of flame hits you!
* * * LOW HITPOINT WARNING * * *
The orc hits you with a +0 dagger.
* * * LOW HITPOINT WARNING * * *
The orc moves out of view.
The orc attacks as you move away! The orc hits you with a +0 dagger.
* * * LOW HITPOINT WARNING * * *
The phantom attacks as you move away! The phantom closely misses you.
An orc and an orc priest come into view.
The orc priest moves out of view.
An orc comes into view. It is wielding a +0 falchion.
You feel better.
An orc wizard comes into view. It is wielding a +0 dagger.
The orc hits you with a +0 dagger.
* * * LOW HITPOINT WARNING * * *
The orc attacks as you move away! The orc hits you with a +0 flail!
You die...
Your body crumbles into a pile of gold.

#....?.......#≈≈.# #..
..............≈ ....
#............##+#....
##..........$##.......
................o....#
..###..###..##o.o.......
...............#oW.....#
##.<......o#o###....
#.......[.#@.##...#.
#.#......o..##..#
#.#.........##..#### #
#.......#$##.....#
.........#$$...##.#
...oo....#####.#
......##### ... ....####
....# .....#


You could see a phantom, 2 orc wizards and 7 orcs.

Vanquished Creatures
  Pikel (D:4)
  A black bear (D:4)
  A phantom (D:4)
  A lemure (D:4)
  A kobold brigand (D:6)
  Blork the orc (D:5)
  A necrophage (D:5)
  3 scorpions
  A howler monkey (D:5)
  A hound (D:5)
  An orc priest (D:3)
  A jelly (D:6)
  Natasha (thrice) (D:2)
  An iguana (D:5)
  2 orc wizards (D:5)
  2 gnolls (D:4)
  6 adders
  7 river rats (D:5)
  A shadow imp (D:5)
  2 worms (D:2)
  A dart slug (D:1)
  12 orcs
  10 ball pythons
  5 bats
  9 endoplasms
  2 giant cockroaches
  4 goblins
  8 hobgoblins
  3 jackals (D:4)
  13 kobolds
  6 quokkas
  3 frilled lizards
  22 rats
136 creatures vanquished.

Vanquished Creatures (collateral kills)
  A lemure (D:4)
  A gnoll (D:4)
  4 orcs (D:3)
  A quokka (D:5)
7 creatures vanquished.

Vanquished Creatures (others)
  An ice beast (D:5)
  A gnoll (D:4)
  A rat (D:5)
3 creatures vanquished.

Grand Total: 146 creatures vanquished

Notes
Turn   | Place    | Note
-------+----------+-------------------------------------------
     0 | D:1      | H0rd4k the Octopode Artificer began the quest for the Orb.
     0 | D:1      | Reached XP level 1. HP: 13/13 MP: 1/1
   311 | D:1      | Reached XP level 2. HP: 17/18 MP: 3/3
   335 | D:1      | Reached skill level 1 in Spellcasting
   919 | D:1      | Found a faded altar of an unknown god.
   936 | D:1      | Found Kopni's Book Emporium.
  1008 | D:1      | Reached XP level 3. HP: 23/24 MP: 5/5
  1688 | D:2      | Reached skill level 1 in Unarmed Combat
  2057 | D:2      | Noticed Natasha
  2063 | D:2      | Killed Natasha
  2064 | D:2      | Reached XP level 4. HP: 30/30 MP: 6/6
  2225 | D:2      | Noticed Natasha
  2234 | D:2      | Killed Natasha
  2235 | D:2      | Reached skill level 2 in Unarmed Combat
  2348 | D:2      | Reached XP level 5. HP: 35/35 MP: 8/8
  2360 | D:2      | Noticed Natasha
  2370 | D:2      | Killed Natasha
  2994 | D:3      | Reached skill level 3 in Unarmed Combat
  3436 | D:3      | Reached XP level 6. HP: 13/42 MP: 9/9
  4013 | D:4      | Noticed a black bear
  4029 | D:4      | Killed a black bear
  4099 | D:4      | Found a staircase to the Ecumenical Temple.
  4119 | Temple   | Entered the Ecumenical Temple
  4119 | Temple   | Noticed a sixfirhy
  4120 | Temple   | Noticed Leuts the pandemonium lord
  4120 | Temple   | Noticed Arrivif the pandemonium lord
  4121 | Temple   | Noticed a smoke demon
  4150 | Temple   | Noticed a reaper
  4150 | Temple   | Noticed a smoke demon
  4150 | Temple   | Noticed Daantiaj the pandemonium lord
  4151 | Temple   | Noticed a hell beast
  4158 | Temple   | Noticed a chaos spawn
  4166 | Temple   | Noticed Daxussif the pandemonium lord
  4176 | Temple   | Noticed Utuwyixo the pandemonium lord
  4195 | Temple   | Noticed a reaper
  4196 | Temple   | Noticed Oloth the pandemonium lord
  4196 | Temple   | Noticed a rust devil
  4230 | Temple   | Became a worshipper of Gozag Ym Sagoz the Greedy
  4272 | D:4      | Reached skill level 1 in Throwing
  4272 | D:4      | Reached skill level 4 in Unarmed Combat
  4331 | D:4      | Reached XP level 7. HP: 5/46 MP: 11/11
  4898 | D:4      | Noticed Pikel
  4967 | D:4      | Killed Pikel
  4968 | D:4      | Reached skill level 6 in Unarmed Combat
  4968 | D:4      | Reached XP level 8. HP: 54/54 MP: 11/13
  5196 | D:5      | Entered Level 5 of the Dungeon
  5430 | D:5      | Noticed Blork the orc
  5433 | D:5      | Killed Blork the orc
  5556 | D:5      | Found Finnur's Weapon Shop.
  5984 | D:5      | Found a runed translucent door.
  5985 | D:5      | Noticed Crazy Yiuf
  6095 | D:5      | Learned a level 3 spell: Swiftness
  6202 | D:5      | Found an ornate altar of the Wu Jian Council.
  6596 | D:5      | Reached skill level 1 in Air Magic
  6708 | D:5      | Reached skill level 5 in Fighting
  7004 | D:6      | Found Riomexia's Armour Emporium.
  7053 | D:6      | Slain by an orc

Illustrated notes

Levels and vault maps discovered:
D:1:      psy_arrival_heroes, layout_basic,
          chequers_ecumenical_altar_simple_redux, serial_shops,
          nicolae_shop_advertising_works [nicolae_subvault_shop_adworks],
          chequers_serial_rivers_room_a
D:2:      layout_rooms, uniq_natasha
D:3:      layout_rooms, hangedman_abyss_or_decor_lesser_grid
D:4:      layout_basic, minmay_temple_entry_butterflies, uniq_pikel
D:5:      lemuel_ratsnest, layout_loops_cross, nzn_wu_jian_council_hall,
          serial_shops, shop, chequers_serial_rivers_small_a,
          uniq_blork_the_orc, uniq_crazy_yiuf_cottage
D:6:      layout_rooms, nicolae_overflow_hidden_temple, serial_shops,
          nicolae_shop_hallway_plus, minivault_26, nicolae_lava_and_water
Temple:   nicolae_temple_panitentiary

Skill      XL: |  1  2  3  4  5  6  7  8 |
---------------+-------------------------+-----
Spellcasting   | 1 2 3 4 |  4.6
Fighting       | 2 3 4 5 |  5.2
Unarmed Combat | 1 2 3 4 6 |  6.8
Throwing       | 1 2 |  2.4
Air Magic      | 1 |  1.9
Dodging        | |  2.3
Stealth        | |  1.3
Evocations     | |  3.2

Action                   |  1- 3 |  4- 6 |  7- 9 || total
-------------------------+-------+-------+-------++-------
Melee: Unarmed           |    93 |   105 |   145 ||   343
       Constrict         |    25 |    26 |    30 ||    81
       Tentacles         |    23 |    21 |    45 ||    89
       Punch             |     1 |     3 |     5 ||     9
Throw: Dart              |       |    10 |       ||    10
Evoke: Wand              |     1 |    18 |    16 ||    35
  Use: Potion            |       |       |     2 ||     2
       Scroll            |       |       |     3 ||     3
 Stab: Sleeping          |     9 |     5 |     4 ||    18
       Distracted        |       |       |     1 ||     1
Armor: Skin              |    15 |     3 |     4 ||    22
Dodge: Dodged            |    62 |    75 |    70 ||   207
